AoeStats
← Blyad _Mann

Black Forest

509055222Analyzed
4v4 RM · 7d ago on Sep 25, 2026· 52m 18s· 8 players
Game mode
Random Map
Map size
Large (8 player)
Population
200
Speed
Normal
Resources
Standard
Victory
Conquest
Starting age
Dark Age
Ending age
Imperial Age
RankedLock teamsTeams togetherTeam positionsShared explorationLock speedFull tech treeHidden civsTurbo modeCheats
Victory
Defeat
🇹🇼 Danes · Taiwan
996
+22
🇺🇸 Goths · United States
968
+17
🇭🇰 Goths · Hong Kong SAR China
903
+46
🇲🇽 Franks · Mexico
898
+20
🇨🇿 Celts · Czechia
1045
-62
🇫🇷 Saxons · France
1010
-19
🇳🇱 Danes · Netherlands
978
-18
🇺🇸 Persians · United States
936
-16
maoguai0714
6:39 Loom
11:30 Feudal Age
17:42 Castle Age
17:46 Forging
17:42 Scale Barding Armor
17:28 Gold Mining
17:28 Double-Bit Axe
18:35 Bloodlines
18:26 Husbandry
21:28 Bow Saw
21:07 Horse Collar
22:38 Heavy Plow
27:27 Gold Shaft Mining
27:32 Wheelbarrow
32:19 Imperial Age
31:02 Hand Cart
32:33 Iron Casting
32:19 Chain Barding Armor
33:48 Chemistry
33:09 Ballistics
33:00 Masonry
32:46 Murder Holes
32:57 Devotion
33:16 Block Printing
33:12 Fervor
33:45 Conscription
35:59 Elite War Elephant
37:11 Caravan
37:38 Crossbowman
38:24 Thumb Ring
38:24 Kamandaran
41:06 Blast Furnace
40:41 Plate Barding Armor
39:57 Fletching
40:08 Padded Archer Armor
40:40 Architecture
43:40 Bodkin Arrow
44:38 Citadels
44:59 Leather Archer Armor
44:49 Stone Mining
Blyad _Mann
0:26 Loom
13:38 Feudal Age
17:47 Castle Age
16:50 Double-Bit Axe
16:59 Horse Collar
18:02 Stone Mining
18:07 Gold Mining
25:37 Bow Saw
27:04 Wheelbarrow
31:07 Imperial Age
29:18 Forging
29:08 Scale Mail Armor
29:14 Scale Mail Armor
29:42 Heavy Plow
30:18 Hand Cart
30:46 Iron Casting
31:22 Squires
31:07 Arson
32:00 Chain Mail Armor
31:35 Gambesons
32:16 Conscription
32:14 Caravan
32:30 Man-at-Arms
34:22 Blast Furnace
33:52 Plate Mail Armor
34:26 Plate Mail Armor
33:39 Long Swordsman
34:19 Two-Handed Swordsman
35:25 Champion
35:54 Elite Varangian Guard
37:00 Hamask
38:15 Fletching
41:09 Elite Jomsviking
44:30 Northmen's Fury
groink
10:58 Feudal Age
14:47 Castle Age
13:20 Horse Collar
13:26 Double-Bit Axe
15:46 Heavy Plow
15:57 Bow Saw
22:03 Wheelbarrow
21:13 Loom
23:31 Hand Cart
23:51 Gold Mining
24:19 Man-at-Arms
24:44 Gambesons
27:36 Gold Shaft Mining
26:54 Stone Mining
26:49 Long Swordsman
27:45 Forging
27:35 Scale Mail Armor
30:56 Imperial Age
28:18 Town Watch
29:10 Iron Casting
28:51 Crossbowman
28:53 Pikeman
29:34 Squires
32:46 Two-Man Saw
32:17 Crop Rotation
31:16 Two-Handed Swordsman
32:53 Chain Mail Armor
32:28 Fletching
32:11 Champion
35:03 Plate Mail Armor
34:28 Bodkin Arrow
34:34 Padded Archer Armor
34:15 Shield Wall
35:16 Conscription
34:36 Halberdier
35:03 Arson
34:40 Elite Varangian Guard
34:46 Arbalester
35:32 Thumb Ring
36:28 Caravan
37:09 Guilds
36:23 Elite Hearth Troop
37:56 Bracer
38:11 Leather Archer Armor
37:22 Heavy Mounted Crossbowman
37:22 Cranequins
39:56 Heavy Scorpion
42:53 Ring Archer Armor
42:28 Scale Barding Armor
spajkymc
10:17 Feudal Age
11:00 Horse Collar
14:44 Double-Bit Axe
19:51 Castle Age
18:18 Fletching
18:28 Loom
18:43 Gold Mining
20:32 Wheelbarrow
20:15 Crossbowman
22:29 Wheelbarrow
23:18 Loom
24:40 Stone Mining
26:53 Bow Saw
28:09 Murder Holes
28:31 Bodkin Arrow
28:36 Padded Archer Armor
29:20 Hand Cart
31:32 Leather Archer Armor
31:28 Forging
31:25 Scale Barding Armor
32:11 Gold Shaft Mining
36:47 Imperial Age
34:58 Ballistics
34:51 Fortified Wall
36:02 Stronghold
37:12 Iron Casting
36:58 Chain Barding Armor
36:43 Husbandry
41:01 Cavalier
42:58 Paladin
43:14 Pikeman
44:10 Halberdier
45:58 Chemistry
50:52 Light Cavalry
rick_m94
11:26 Feudal Age
18:06 Double-Bit Axe
21:37 Castle Age
20:09 Double-Bit Axe
21:27 Scale Barding Armor
21:34 Forging
22:05 Wheelbarrow
24:04 Chain Barding Armor
24:21 Iron Casting
23:51 Husbandry
27:37 Bow Saw
30:08 Hand Cart
30:19 Gold Mining
30:27 Stone Mining
35:12 Imperial Age
35:01 Gold Shaft Mining
35:43 Treadmill Crane
36:15 Fortified Wall
36:25 Ballistics
36:01 Murder Holes
35:35 Cavalier
36:18 Chivalry
37:40 Conscription
38:01 Paladin
40:10 Chemistry
songshu512
14:14 Feudal Age
14:38 Horse Collar
14:49 Double-Bit Axe
19:49 Gold Mining
19:53 Stone Mining
25:41 Castle Age
24:47 Wheelbarrow
27:05 Heavy Plow
27:19 Squires
27:33 Forging
29:36 Stone Shaft Mining
35:25 Hand Cart
35:35 Hand Cart
35:44 Bow Saw
41:25 Imperial Age
41:47 Elite Huskarl
44:31 Iron Casting
43:58 Scale Mail Armor
Goyo
10:21 Loom
12:50 Feudal Age
16:35 Castle Age
14:39 Double-Bit Axe
19:40 Horse Collar
20:33 Bow Saw
22:48 Scale Mail Armor
25:27 Forging
25:46 Horse Collar
26:45 Gold Mining
26:57 Stone Mining
27:59 Wheelbarrow
28:19 Masonry
30:09 Gold Shaft Mining
30:11 Stone Shaft Mining
29:42 Heavy Plow
33:25 Imperial Age
32:43 Ballistics
33:26 Chain Mail Armor
33:46 Iron Casting
34:14 Murder Holes
35:08 Hand Cart
34:58 Heavy Plow
35:29 Conscription
34:37 Onager
34:42 Capped Ram
36:16 Town Watch
36:41 Siege Onager
36:51 Northmen's Fury
37:26 Fletching
37:42 Siege Engineers
38:58 Bodkin Arrow
40:05 Chemistry
40:02 Plate Mail Armor
41:38 Blast Furnace
40:54 Bracer
42:50 Squires
42:36 Gambesons
42:37 Arson
42:13 Elite Varangian Guard
43:05 Man-at-Arms
43:06 Pikeman
46:25 Hamask
46:47 Elite Jomsviking
49:42 Padded Archer Armor
52:21 Hoardings
雙手劍兵
1:01 Loom
12:18 Feudal Age
16:41 Castle Age
15:09 Double-Bit Axe
17:00 Horse Collar
18:43 Bow Saw
19:05 Stone Mining
24:26 Stone Shaft Mining
23:45 Gold Mining
25:01 Wheelbarrow
25:47 Heavy Plow
26:25 Hand Cart
30:33 Imperial Age
32:18 Chemistry
32:14 Anarchy
32:35 Conscription
32:39 Masonry
33:33 Two-Man Saw
33:09 Pikeman
33:50 Squires
34:09 Perfusion
33:30 Elite Huskarl
35:15 Crop Rotation
34:39 Halberdier
41:10 Forging
41:00 Scale Mail Armor
43:31 Iron Casting
43:11 Chain Mail Armor
44:57 Town Watch
48:56 Blast Furnace
Connection lost

Rejoining the realm…

Still unreachable

The connection could not be restored.

Session expired

The server has moved on; the page needs a fresh start.